Map: Lightshade LE

Players

DnS

  • Race: Protoss Protoss
  • League: Master

ShoWTimE - Winner!

  • Race: Protoss Protoss
  • League: Grandmaster

Event: DreamHack SC2 Masters 2021 Summer

VOD

Have the link to the VOD?

Description

Time

  • Played on: June 3, 2021, 10:39 a.m.
  • Length: 9:40

All games in this series

Show
View Real Time Build Order
Export as new Build Order

DnS Protoss 

Build Orders: Oracle Opening 

Get SALT Encoding   

  12  0:00  Probe  
  13  0:12  Probe  
  14  0:17  Pylon  
  14  0:24  Probe (Chrono Boost)  
  15  0:36  Probe (Chrono Boost)  
  15  0:38  Gateway  
  16  0:44  Probe (Chrono Boost)  
  16  0:46  Assimilator  
  17  0:51  Probe  
  18  0:59  Assimilator  
  18  1:03  Probe (Chrono Boost)  
  19  1:10  Gateway  
  19  1:13  Probe (Chrono Boost)  
  20  1:18  Probe (Chrono Boost)  
  21  1:28  Cybernetics Core  
  21  1:29  Probe  
  22  1:36  Pylon  
  22  1:41  Probe  
  23  1:54  Probe  
  24  2:05  Stalker x2, Warp Gate  
  24  2:08  Probe  
  29  2:15  Pylon  
  29  2:31  Stargate  
  29  2:32  Pylon  
  28  2:51  Nexus  
  28  2:54  Probe  
  29  3:03  Shield Battery  
  29  3:06  Probe  
  30  3:13  Oracle (Chrono Boost)  
  30  3:18  Probe  
  34  3:24  Twilight Council  
  34  3:30  Probe  
  35  3:39  Pylon  
  35  3:42  Probe  
  35  3:44  Oracle (Chrono Boost)  
  39  3:57  Probe  
  40  4:05  Blink (Chrono Boost)  
  40  4:09  Probe (Chrono Boost)  
  42  4:10  Probe (Chrono Boost)  
  42  4:20  Stalker  
  42  4:21  Probe (Chrono Boost)  
  46  4:27  Probe (Chrono Boost)  
  46  4:30  Probe (Chrono Boost)  
  47  4:32  Stalker  
  47  4:34  Probe (Chrono Boost)  
  47  4:36  Probe  
  51  4:43  Pylon  
  51  4:44  Forge  
  51  4:46  Probe  
  51  4:48  Probe  
  51  4:52  Stalker  
  55  4:58  Probe, Stalker  
  58  5:00  Probe  
  58  5:03  Gateway  
  59  5:10  Probe  
  59  5:12  Probe  
  58  5:17  Assimilator  
  58  5:20  Gateway  
  58  5:22  Probe  
  58  5:23  Stalker  
  58  5:24  Probe  
  58  5:25  Stalker  
  64  5:30  Protoss Ground Weapons Level 1 (Chrono Boost)  
  64  5:34  Probe  
  65  5:44  Nexus  
  65  5:50  Stalker  
  65  5:52  Stalker  
  69  6:05  Pylon  
  69  6:07  Pylon  
  69  6:11  Probe  
  70  6:24  Stalker x4  
  78  6:25  Probe  
  78  6:26  Probe  
  78  6:28  Pylon  
  80  6:34  Charge, Pylon  
  80  6:38  Probe  
  81  6:42  Probe  
  81  6:45  Pylon  
  82  6:47  Stalker x2  
  82  6:48  Adept  
  82  6:49  Adept  
  82  6:51  Probe  
  91  6:54  Probe  
  91  6:57  Probe  
  93  7:03  Probe  
  93  7:06  Probe  
  93  7:14  Probe  
  88  7:18  Stalker x4  
  88  7:21  Probe, Shield Battery  
  95  7:27  Probe  
  96  7:35  Gateway  
  96  7:42  Gateway x3  
  96  7:46  Gateway  
  96  7:51  Templar Archives, Probe, Assimilator  
  96  7:57  Zealot x3  
  103  8:00  Pylon  
  92  8:13  Photon Cannon  
  88  8:21  Zealot  
  88  8:22  Zealot x2  
  42  9:20  High Templar  
Show
View Real Time Build Order
Export as new Build Order

ShoWTimE Protoss - Winner!

Build Orders: Phoenix Opening 

Get SALT Encoding   

  12  0:00  Probe  
  13  0:12  Probe  
  14  0:17  Pylon  
  14  0:24  Probe (Chrono Boost)  
  15  0:36  Probe (Chrono Boost)  
  15  0:37  Gateway  
  16  0:44  Probe (Chrono Boost)  
  16  0:46  Assimilator  
  17  0:50  Probe  
  17  0:55  Assimilator  
  18  1:03  Probe (Chrono Boost)  
  19  1:09  Gateway  
  19  1:14  Probe (Chrono Boost)  
  20  1:19  Probe (Chrono Boost)  
  21  1:25  Cybernetics Core  
  21  1:29  Probe  
  22  1:36  Pylon  
  22  1:41  Probe  
  23  1:54  Probe  
  24  2:01  Stalker  
  24  2:03  Warp Gate  
  24  2:07  Probe  
  29  2:10  Sentry  
  29  2:15  Pylon  
  29  2:22  Pylon  
  29  2:31  Stalker  
  31  2:38  Sentry  
  33  2:44  Phoenix  
  33  2:47  Nexus  
  33  2:50  Probe  
  34  2:57  Shield Battery  
  34  3:02  Probe  
  34  3:03  Sentry  
  37  3:12  Pylon  
  37  3:14  Probe (Chrono Boost)  
  38  3:26  Probe (Chrono Boost)  
  39  3:28  Twilight Council  
  39  3:31  Probe (Chrono Boost)  
  40  3:41  Probe (Chrono Boost)  
  41  3:51  Probe (Chrono Boost), Stalker x2  
  41  3:52  Phoenix  
  46  3:58  Probe (Chrono Boost)  
  46  4:00  Probe (Chrono Boost)  
  48  4:09  Blink  
  50  4:10  Probe (Chrono Boost)  
  50  4:11  Probe (Chrono Boost)  
  50  4:15  Probe (Chrono Boost)  
  51  4:19  Probe  
  51  4:23  Stalker  
  54  4:27  Probe (Chrono Boost)  
  54  4:29  Stalker  
  57  4:33  Pylon  
  57  4:34  Phoenix  
  57  4:35  Probe (Chrono Boost)  
  59  4:39  Probe (Chrono Boost)  
  59  4:42  Forge  
  60  4:46  Probe x2 (Chrono Boost)  
  60  4:47  Robotics Facility  
  59  4:53  Probe  
  59  4:55  Probe  
  61  5:06  Probe, Nexus  
  61  5:09  Probe  
  60  5:17  Protoss Ground Weapons Level 1, Assimilator  
  60  5:18  Probe  
  60  5:20  Stalker x2  
  65  5:23  Probe  
  66  5:31  Pylon  
  66  5:32  Immortal (Chrono Boost)  
  70  5:40  Gateway  
  70  5:44  Gateway  
  70  5:49  Stalker  
  72  5:52  Shield Battery  
  72  5:54  Phoenix  
  72  5:55  Stalker  
  74  6:02  Pylon  
  75  6:06  Immortal (Chrono Boost)  
  78  6:18  Probe x2, Charge (Chrono Boost)  
  80  6:21  Probe  
  81  6:26  Gateway  
  81  6:29  Gateway  
  83  6:33  Probe x3 (Chrono Boost)  
  84  6:41  Observer  
  84  6:43  Probe (Chrono Boost)  
  84  6:45  Probe x2 (Chrono Boost)  
  84  6:46  Pylon  
  88  6:48  Probe (Chrono Boost)  
  88  6:52  Stalker x2  
  93  6:54  Probe x2  
  93  6:55  Pylon  
  93  6:58  Stalker  
  93  6:59  Probe  
  93  7:00  Warp Prism (Chrono Boost)  
  100  7:14  Stalker  
  97  7:18  Probe x2  
  99  7:29  Probe  
  96  7:30  Probe x2, Gateway  
  96  7:33  Gateway  
  98  7:40  Zealot x6  
  110  7:44  Pylon  
  110  7:55  Pylon  
  110  8:01  Zealot  
  110  8:02  Zealot x4  
  103  8:20  Zealot  
  103  8:22  Zealot x5  
  103  8:24  Probe  
  96  9:09  Zealot x5  
Tags
 
Add a new tag
Caveats
  • Supply blocks, unpowered buildings, or Contaminate may cause inaccurate times.
  • Supply counts are checked every 10 seconds.